 Dungeon Crawl Stone Soup version 0.28-b1-1-g3c77fb2ed1 (webtiles) character file.

Game seed: 3627867308556581823

23 cayde69 the Digger (level 2, 3/15 HPs)
             Began as a Gargoyle Earth Elementalist on Jan 28, 2022.
             Got out of the dungeon alive.
             The game lasted 00:08:11 (784 turns).

cayde69 the Digger (Gargoyle Earth Elementalist)     Turns: 784, Time: 00:08:12

Health: 3/15       AC:  4    Str: 11    XL:     2   Next: 95%
Magic:  5/5        EV: 12    Int: 15    God:
Gold:   47         SH:  0    Dex: 10    Spells: 4/5 levels left

rFire   . . .      SeeInvis .   g - staff of conjuration
rCold   . . .      Faith    .   (no shield)
rNeg    + . .      Spirit   .   b - +0 robe
rPois   ∞          Reflect  .   (no helmet)
rElec   +          Harm     .   (no cloak)
rCorr   .          Rampage  .   (no gloves)
Will    .....                   (no boots)
Stlth   ++........              (no amulet)
HPRegen 0.05/turn               (no ring)
MPRegen 0.09/turn               (no ring)

@: no status effects
A: sickness immunity, AC +2, negative energy resistance 1, electricity
resistance, torment resistance 1, petrification resistance
a: no special abilities


You escaped.
You visited 1 branch of the dungeon, and saw 1 of its levels.

You collected 47 gold pieces.

Inventory:

Missiles
 i - 8 sling bullets
Armour
 b - a +0 robe (worn)
 f - a +0 robe
Magical Staves
 g - a staff of conjuration (weapon)
Scrolls
 a - a scroll of noise {unknown}
 d - a scroll of enchant armour {unknown}
Potions
 e - 2 potions of curing {unknown}
 h - 2 potions of haste {unknown}


   Skills:
 + Level 1.6 Dodging
 + Level 2.2 Stealth
 + Level 2.4 Spellcasting
 + Level 0.7 Transmutations
 + Level 4.5 Earth Magic


You had 4 spell levels left.
You knew the following spells:

 Your Spells              Type           Power      Damage    Failure   Level
a - Sandblast             Erth           30%        2d9       3%          1

Your spell library contained the following spells:

 Spells                   Type           Power      Damage    Failure   Level
 Passwall                 Tmut/Erth      7%         N/A       11%         2
 Freeze                   Ice            4%         1d3       22%         1
 Stone Arrow              Conj/Erth      24%        3d8       26%         3
 Frozen Ramparts          Ice            2%         1d2       54%         3
 Petrify                  Tmut/Erth      9%         N/A       58%         4
 Hailstorm                Conj/Ice       2%         3d3       91%         4


Dungeon Overview and Level Annotations

Branches:
Dungeon (1/15)

Altars:


Innate Abilities, Weirdness & Mutations

You are immune to sickness and miasma.
Your stone body is resilient. (AC +2)
You are immune to poison.
You resist negative energy. (rN+)
You are resistant to electric shocks. (rElec)
You are resistant to unholy torment.
You are immune to petrification.


Message History

You see here a +0 mace.
e - 2 clear potions (gained 1)
You pick up a book of Frost and begin reading...
You add the spells Freeze, Frozen Ramparts and Hailstorm to your library.
You see here a +0 mace.
A kobold comes into view. It is wielding a +3 short sword.
The kobold throws a stone.
The stone barely misses you.
A frilled lizard comes into view.
The kobold throws a stone.
The stone barely misses you.
The kobold throws a stone.
The stone misses you.
The kobold throws a stone.
The stone barely misses you.
A kobold is nearby!
You closely miss the kobold.
The kobold hits you with a +3 short sword.
You are too injured to fight recklessly!
You are too injured to fight recklessly!
You are too injured to fight recklessly!
You are too injured to fight recklessly!
You are too injured to fight recklessly!
You are too injured to fight recklessly!
The kobold throws a stone.
The stone hits you.
The kobold throws a stone.
The stone closely misses you.
The kobold throws a stone.
The stone barely misses you.
The kobold throws a stone.
The stone closely misses you.
The kobold throws a stone.
The stone hits you.
* * * LOW HITPOINT WARNING * * *
You see here 6 javelins.
A kobold is nearby!
A kobold is nearby!
A kobold is nearby!
Unknown command.
A kobold is nearby!
A kobold is nearby!
There is a staircase leading out of the dungeon here.
Are you sure you want to leave the Dungeon?
This will make you lose the game!
Alright, then stay!
Are you sure you want to leave the Dungeon?
This will make you lose the game!
Uppercase [Y]es or [N]o only, please.
Are you sure you want to leave the Dungeon?
This will make you lose the game!
You have escaped!

#########.......#.######.####.#..
.............................>###
#########.#######.###########....
####### #.........# #.###
#.....################# #.#
+..............##.....### #.#
#....†########.##..##...## #.#
#.....# #.##..####..## #.#
#.....# #.#@.## ##..# #.#
......##### #.#..# ##.###.#
..........# #.##.## #.K##.#
.)##.)....# #K##.K## ###.##.#
#.##......# #.##...####...##.#
..##......# #.###.....#...##.#
.###......# #.# ##.........#.# .
#......# #.#####.......##.# #
#......# #(##....#..#...#.#


You could see a kobold.

Vanquished Creatures
  2 ball pythons (D:1)
  3 endoplasms (D:1)
  3 giant cockroaches (D:1)
  2 hobgoblins (D:1)
  5 bats (D:1)
  A goblin (D:1)
  2 kobolds (D:1)
  4 rats (D:1)
22 creatures vanquished.

Notes
Turn   | Place    | Note
-------+----------+-------------------------------------------
     0 | D:1      | cayde69 the Gargoyle Earth Elementalist began the quest for
                  | the Orb.
     0 | D:1      | Reached XP level 1. HP: 10/10 MP: 3/3
   178 | D:1      | Reached skill level 4 in Earth Magic
   336 | D:1      | Reached XP level 2. HP: 15/15 MP: 3/5
   784 | D:$      | Got out of the dungeon alive.

Illustrated notes

Levels and vault maps discovered:
D:1:      dpeg_arrival_round_b, layout_basic, minmay_distorted

Skill      XL: |  1 |
---------------+----+-----
Earth Magic    | 4 |  4.5
Dodging        | |  1.6
Stealth        | |  2.2
Spellcasting   | |  2.4
Transmutations | |  0.7

Action                   || total
-------------------------++-------
Melee: Staff             ||    17
 Cast: Sandblast         ||    30
Armor: Robe              ||    15
Dodge: Dodged            ||    20
